 Dungeon Crawl Stone Soup version 0.24.0-13-gcf9b319 (webtiles) character file.

Game seed: 14212141715980634192, levelgen mode: deterministic

76833 ricardofg the Arsonist (level 15, -12/92 HPs)
             Began as a Gargoyle Wizard on Nov 28, 2019.
             Was a High Priest of Vehumet.
             Killed from afar by a Hell Sentinel (45 damage)
             ... with damnation
             ... summoned by a deep elf demonologist
             ... on level 1 of the Elven Halls on Nov 29, 2019.
             The game lasted 02:31:38 (32902 turns).

ricardofg the Arsonist (Gargoyle Wizard)           Turns: 32902, Time: 02:31:39

Health: -12/92     AC: 20    Str: 11    XL:     15   Next: 54%
Magic:  7/29       EV: 15    Int: 28    God:    Vehumet [*****.]
Gold:   2033       SH:  0    Dex:  8    Spells: 2/34 levels left

rFire    + . .     SeeInvis +   R - +8 whip "Snakebite" {curare, rPois}
rCold    + . .     Gourm    .   (no shield)
rNeg     + + +     Faith    .   m - +2 robe {MR+}
rPois    ∞         Spirit   .   L - +2 helmet {Int+3}
rElec    +         Reflect  .   Q - scarf {rC+ rF+}
rCorr    +         Harm     .   (no gloves)
MR       ++...     Rnd*Tele +   k - +0 pair of boots
Stlth    ++........             (no amulet)
HPRegen  0.25/turn              C - ring of see invisible
MPRegen  0.21/turn              J - ring "Unuopal" {rN+++ rCorr}

@: flying, very slightly contaminated
A: big wings, negative energy resistance 1, electricity resistance, teleportitis
1, unbreathing, petrification resistance, rot immunity, AC +11
a: Stop Flying, Renounce Religion


You were on level 1 of the Elven Halls.
You worshipped Vehumet.
Vehumet was extremely pleased with you.
You were not hungry.

You visited 5 branches of the dungeon, and saw 21 of its levels.
You also visited: Bailey.

You collected 2033 gold pieces.

Inventory:

Hand Weapons
 R - the +8 whip "Snakebite" (weapon) {curare, rPois}
   (You found it on level 1 of the Lair of Beasts)

   It poisons the flesh of those it strikes.
   It protects you from poison.
Missiles
 g - 36 stones
 s - 41 poisoned darts (quivered)
 v - 5 atropa-tipped darts
Armour
 b - a +0 shield of reflection
 c - a +2 shield of resistance
 k - a +0 pair of boots (worn)
 m - a +2 robe of magic resistance (worn)
 p - a +1 hat
 q - a +1 troll leather armour {Snorg}
 B - a +2 robe of cold resistance
 E - the +0 pair of gloves "Dunarr" {rF- rN+ Dex+4}
   (You found it on level 8 of the Dungeon)

   It affects your dexterity (+4).
   It makes you vulnerable to fire.
   It protects you from negative energy.
 L - a +2 helmet of intelligence (worn)
 Q - a scarf of resistance (worn)
Magical Staves
 e - an uncursed staff of wizardry
 l - an uncursed staff of fire
 D - an uncursed staff of cold
Jewellery
 h - an uncursed ring of positive energy
 y - a +5 ring of slaying
 C - a ring of see invisible (left hand)
 G - an uncursed ring of wizardry
 J - the ring "Unuopal" (right hand) {rN+++ rCorr}
   (You found it in a bailey)

   [ring of resist corrosion]

   It renders you almost immune to negative energy.
   It provides partial protection from all sources of acid and corrosion.
 S - a +3 ring of evasion
Wands
 F - a wand of digging (2)
 H - a wand of iceblast (15)
 U - a wand of clouds (6)
 V - a wand of acid (10)
Scrolls
 a - a scroll of enchant weapon
 f - 6 scrolls of remove curse
 t - 7 scrolls of teleportation
 w - 3 scrolls of magic mapping
 z - a scroll of identify
Potions
 i - 4 potions of brilliance
 j - 4 potions of invisibility
 o - 3 potions of haste
 r - 2 potions of heal wounds
 u - 8 potions of curing
 O - 2 potions of magic
Miscellaneous
 I - a lightning rod (4/4)
 N - a phantom mirror
 P - a lamp of fire
Comestibles
 d - 12 rations


   Skills:
 + Level 9.6 Fighting
 - Level 7.0 Maces & Flails
 - Level 5.0 Armour
 + Level 7.9 Dodging
 - Level 2.1 Stealth
 - Level 4.0 Shields
 * Level 10.4 Spellcasting
 - Level 8.2 Conjurations
   Level 0.8 Summonings
 - Level 0.8 Translocations
 + Level 11.3 Fire Magic
 + Level 10.0 Air Magic
 + Level 7.9 Evocations


You had 2 spell levels left.
You knew the following spells:

 Your Spells              Type           Power        Failure   Level  Hunger
a - Magic Dart            Conj           ####         1%          1    None
b - Conjure Flame         Conj/Fire      ######..     1%          3    None
c - Mephitic Cloud        Conj/Pois/Air  #####...     1%          3    None
d - Blink                 Tloc           N/A          4%          2    None
e - Throw Flame           Conj/Fire      ######       1%          2    None
f - Iskenderun's Battles  Conj/Chrm      #####...     5%          5    ###....
g - Conjure Ball Lightni  Conj/Air       ######....   4%          6    #####..
h - Bolt of Magma         Conj/Fire/Erth ######....   2%          5    ###....
i - Fireball              Conj/Fire      ######....   1%          5    ###....

Your spell library contained the following spells:

 Spells                   Type           Power        Failure   Level  Hunger
 Beastly Appendage        Tmut           ##....       3%          1    None
 Corona                   Hex            ##.....      3%          1    None
 Infusion                 Chrm           ##..         3%          1    None
 Call Imp                 Summ           ###.....     4%          2    None
 Shroud of Golubria       Chrm/Tloc      ###...       4%          2    None
 Ensorcelled Hibernation  Hex/Ice        ##....       6%          2    None
 Slow                     Hex            ##......     6%          2    None
 Song of Slaying          Chrm           ##......     6%          2    None
 Sticks to Snakes         Tmut           ##......     6%          2    None
 Dazzling Spray           Conj/Hex       #####.       1%          3    None
 Confuse                  Hex            ##......     12%         3    None
 Regeneration             Chrm/Necr      ##........   12%         3    None
 Spectral Weapon          Hex/Chrm       ##......     12%         3    None
 Spider Form              Tmut/Pois      ##........   12%         3    None
 Tukima's Dance           Hex            ##......     12%         3    None
 Ice Form                 Ice/Tmut       ##......     36%         4    None
 Blade Hands              Tmut           ##........   71%         5    ###....


Dungeon Overview and Level Annotations

Branches:
Dungeon (11/15)            Temple (1/1) D:4            Lair (6/6) D:9
  Swamp (0/4) Lair:2        Snake (0/4) Lair:2        Slime (0/5) Lair:5
    Orc (2/2) D:11            Elf (1/3) Orc:2        Bailey (visited)

Altars:
Ashenzari
Dithmenos
Elyvilon
Fedhas
Gozag
Hepliaklqana
Kikubaaqudgha
Makhleb
Nemelex Xobeh
Sif Muna
Vehumet
Wu Jian
Xom
Zin
The Shining One
Beogh
Jiyva

Shops:
D:4 (   Orc:2 [(??

Portals:
Trove: D:10 (give +6 ice dragon scales)

Annotations:
Lair:3 exclusion: oklob plant
Lair:4 exclusion: 3 oklob plants


Innate Abilities, Weirdness & Mutations

You are resistant to torment.
Your stone body is resilient. (AC +11)
You are immune to poison.
Your large and strong wings let you fly indefinitely.
You resist negative energy. (rN+)
You are resistant to electric shocks. (rElec)
You can survive without breathing.
You are immune to petrification.
You are immune to rotting.
You are occasionally teleported next to monsters.


Message History

The deep elf archer blinks!
The Hell Sentinel gestures at you. The iron shot hits you!!!
Ouch! That really hurt!
The deep elf demonologist is engulfed in noxious fumes.
The deep elf knight is engulfed in noxious fumes.
The deep elf knight appears confused.
The deep elf knight hits the deep elf demonologist with a +0 scimitar!
Press: ? - help, v - describe, . - travel
Here: a deep elf demonologist, wielding a +0 long sword and wearing a +0 leather armour (flame, moderately wounded)
The floor.
Okay, then.
Casting: Bolt of Magma (safe; 2% risk of failure)
Confirm with . or Enter, or press ? or * to list all spells.
You miscast Blink.
You are very lightly contaminated with residual magic.
Nothing appears to happen.
The Hell Sentinel gestures at you.
The sphere of damnation explodes!
The damnation engulfs you!!!
You die...

*,,,,,,,* *,,,,,,,*
**,,,,,** **,,,,,* **,,,,,,*
**,*,,,,,* **
***###**##,******** *,
**,,....°#.#########** #.
*,,,.e.eee1@(.......,***###.
**
**,,...4e###########*,**,...
,********###,** ****,,**#.
,*,,,,,,8*,,** **,,*,,**#.
,*,*,*,,**,,,* **,,,,**,**#
,*,8,8,,**,,,* **,,,,,,***##
,+,,,,,***,,***
*,,,,,,,,###.
,+,,,,,_**,,,,**
**,,,,,,*#...
,+,,,,,***,,,,,**
**,,,,,,,#...


You could see a Hell Sentinel, a deep elf demonologist, a deep elf archer
(confused), 2 deep elf knights, an ice devil and a deep elf mage.

Vanquished Creatures
  Rupert (Orc:2)
  Donald (Orc:2)
  An orc warlord (Orc:2)
  Nessos (Orc:2)
  Snorg (Lair:5)
  An ettin (Orc:1)
  Erolcha (Orc:2)
  Harold (D:11)
  Fannar (D:11)
  5 hydras
  2 centaur warriors
  A catoblepas (Lair:6)
  Erica (D:8)
  2 dancing weapons (Orc:2)
  11 death yaks
  2 two-headed ogres
  A deep troll shaman (Lair:6)
  2 orc high priests (Orc:2)
  2 deep elf knights (Elf:1)
  A deep elf archer (Elf:1)
  Pikel (D:9)
  2 lindwurms
  8 orc knights
  4 orc sorcerers
  A cyclops (D:11)
  14 deep elf magi (Elf:1)
  A centaur zombie (D:11)
  6 black mambas
  12 elephants
  5 spiny frogs
  A kobold demonologist (D:11)
  5 komodo dragons
  2 rime drakes
  4 trolls
  6 hippogriffs
  2 dream sheep (D:9)
  11 blink frogs (Lair:6)
  29 yaks
  A water elemental (Elf:1)
  A wyvern (D:11)
  A fire elemental (Orc:2)
  2 basilisks
  4 wargs
  A soldier ant (D:11)
  Edmund (D:6)
  24 water moccasins
  An ice beast (D:10)
  45 orc warriors
  5 porcupines
  A slave (D:9)
  A phantom (D:8)
  7 black bears
  An eye of draining (D:8)
  A necrophage (D:10)
  2 sky beasts
  8 ogres
  6 centaurs
  21 wolves
  16 crocodiles
  12 big kobolds
  10 bullfrogs
  A wyvern zombie (D:11)
  A scorpion (D:11)
  9 killer bees
  7 howler monkeys
  10 wights
  3 bullfrog zombies
  A crimson imp (D:10)
  2 quasits
  5 hounds
  6 jellies
  25 orc priests
  2 centaur skeletons
  26 orc wizards
  Natasha (twice) (D:1)
  7 iguanas
  8 worker ants
  A hound zombie (D:10)
  3 hound skeletons
  Robin (D:2)
  17 adders
  A howler monkey skeleton (D:5)
  5 shadow imps
  3 oozes
  An adder skeleton (D:9)
  4 worms
  4 dart slugs
  7 leopard geckos
  108 orcs
  13 bats
  5 giant cockroaches
  20 goblins
  7 hobgoblins
  16 jackals
  4 quokkas
  A ball python (D:1)
  3 frilled lizards
  16 kobolds
  A leopard gecko zombie (D:7)
  5 rats
686 creatures vanquished.

Vanquished Creatures (others)
  A death yak (Lair:6)
  59 ball lightnings
  A porcupine (Lair:5)
  A slave (D:9)
  24 fungi
  18 plants
104 creatures vanquished.

Grand Total: 790 creatures vanquished

Notes
Turn   | Place    | Note
-------+----------+-------------------------------------------
     0 | D:1      | ricardofg the Gargoyle Wizard began the quest for the Orb.
     0 | D:1      | Reached XP level 1. HP: 10/10 MP: 4/4
   491 | D:1      | Reached XP level 2. HP: 14/15 MP: 3/6
  1129 | D:1      | Reached XP level 3. HP: 18/19 MP: 1/7
  1667 | D:2      | Reached XP level 4. HP: 23/24 MP: 6/9
  2138 | D:2      | Noticed Natasha
  2718 | D:2      | Reached XP level 5. HP: 28/28 MP: 6/11
  2785 | D:2      | Learned a level 3 spell: Conjure Flame
  2789 | D:2      | Learned a level 3 spell: Mephitic Cloud
  2792 | D:2      | Learned a level 2 spell: Blink
  2800 | D:1      | Killed Natasha
  2903 | D:1      | Noticed Natasha
  2928 | D:1      | Killed Natasha
  3094 | D:2      | Noticed Robin
  3438 | D:2      | Killed Robin
  3650 | D:2      | Found an ornate altar of the Wu Jian Council.
  4527 | D:3      | Reached XP level 6. HP: 32/32 MP: 13/13
  5173 | D:4      | Reached skill level 5 in Spellcasting
  5173 | D:4      | Reached skill level 5 in Conjurations
  5316 | D:4      | Found a staircase to the Ecumenical Temple.
  5329 | Temple   | Entered the Ecumenical Temple
  5333 | Temple   | Became a worshipper of Vehumet
  5473 | D:4      | Found an opulent altar of Gozag.
  5479 | D:4      | Reached skill level 1 in Fire Magic
  5550 | D:4      | Reached skill level 1 in Air Magic
  5550 | D:4      | Reached XP level 7. HP: 24/37 MP: 1/14
  5730 | D:4      | Found Qoddiusi's Weapon Boutique.
  6017 | D:4      | Found a shimmering blue altar of Sif Muna.
  6017 | D:4      | Found a shimmering altar of Xom.
  6017 | D:4      | Found a shadowy altar of Dithmenos.
  6122 | D:4      | Found a glowing silver altar of Zin.
  6261 | D:5      | Entered Level 5 of the Dungeon
  6410 | D:5      | Reached skill level 1 in Armour
  6446 | D:5      | Reached skill level 1 in Fighting
  6712 | D:5      | Reached skill level 2 in Fire Magic
  7525 | D:6      | Noticed Edmund
  7550 | D:6      | Killed Edmund
  7550 | D:6      | Reached XP level 8. HP: 43/44 MP: 12/16
  7619 | D:6      | Found a hazy altar of Hepliaklqana.
  7657 | D:6      | Found a glowing golden altar of the Shining One.
  7762 | D:6      | Found a white marble altar of Elyvilon.
  7800 | D:6      | Found a blossoming altar of Fedhas.
  7882 | D:6      | Reached * piety under Vehumet
  7882 | D:6      | Offered knowledge of Sting by Vehumet.
  7882 | D:6      | Reached skill level 3 in Fire Magic
  8793 | D:7      | Found a hazy altar of Hepliaklqana.
  8905 | D:7      | Reached skill level 4 in Fire Magic
  9044 | D:7      | Found a sparkling altar of Nemelex Xobeh.
  9533 | D:8      | Got a pair of brightly glowing gloves
  9544 | D:8      | Identified the cursed +0 pair of gloves "Dunarr" {rF- rN+
                  | Dex+4} (You found it on level 8 of the Dungeon)
  9587 | D:8      | Reached XP level 9. HP: 49/49 MP: 9/17
  9708 | D:8      | Reached skill level 1 in Evocations
 10001 | D:8      | You fall into a shaft and drop 3 floors!
 10009 | D:10     | Entered Level 10 of the Dungeon
 10178 | D:9      | Noticed Erica
 10324 | D:8      | Killed Erica
 10324 | D:8      | Reached skill level 5 in Fire Magic
 10666 | D:8      | Reached ** piety under Vehumet
 10668 | D:8      | Offered knowledge of Throw Flame by Vehumet.
 11016 | D:8      | Reached XP level 10. HP: 38/56 MP: 13/19
 11208 | D:9      | Reached skill level 5 in Air Magic
 11330 | D:9      | Reached skill level 6 in Fire Magic
 11524 | D:9      | Noticed Pikel
 11556 | D:9      | Killed Pikel
 11702 | D:9      | Found a staircase to the Lair.
 11801 | D:9      | Learned a level 2 spell: Throw Flame
 11944 | D:9      | Reached skill level 5 in Armour
 11948 | D:9      | Reached skill level 5 in Fighting
 11958 | D:9      | Noticed a three-headed hydra
 12004 | D:8      | Offered knowledge of Inner Flame by Vehumet.
 12061 | D:9      | Killed a three-headed hydra
 12061 | D:9      | Reached skill level 1 in Maces & Flails
 12442 | Lair:1   | Entered Level 1 of the Lair of Beasts
 12482 | Lair:1   | Noticed a spiny frog
 12505 | D:9      | Killed a spiny frog
 12505 | D:9      | Reached XP level 11. HP: 23/64 MP: 0/21
 13814 | Lair:1   | Reached *** piety under Vehumet
 13824 | Lair:1   | Reached skill level 7 in Fire Magic
 14412 | Lair:1   | Offered knowledge of Static Discharge by Vehumet.
 14452 | Lair:1   | Reached skill level 5 in Dodging
 15174 | Lair:1   | Found the +8 whip "Snakebite" {curare, rPois}
 15798 | Lair:2   | Reached **** piety under Vehumet
 16135 | Lair:2   | Reached XP level 12. HP: 68/70 MP: 23/23
 16198 | Lair:2   | Found a staircase to the Swamp.
 16210 | Lair:2   | Found a staircase to the Snake Pit.
 16211 | Lair:2   | Noticed a five-headed hydra
 16224 | Lair:2   | Killed a five-headed hydra
 16224 | Lair:2   | Offered knowledge of Iskenderun's Battlesphere by Vehumet.
 16224 | Lair:2   | Reached skill level 5 in Evocations
 17058 | Lair:3   | Found an ancient bone altar of Kikubaaqudgha.
 17760 | Lair:3   | Noticed a death yak
 17809 | Lair:3   | Reached skill level 8 in Fire Magic
 17962 | Lair:3   | Noticed a death yak
 17965 | Lair:3   | Noticed a death yak
 17965 | Lair:3   | Noticed a death yak
 17982 | Lair:3   | Killed a death yak
 17985 | Lair:3   | Killed a death yak
 17987 | Lair:3   | Killed a death yak
 17996 | Lair:3   | Killed a death yak
 18924 | Lair:4   | Noticed a six-headed hydra
 18941 | Lair:3   | Killed a six-headed hydra
 19758 | Lair:4   | Learned a level 5 spell: Iskenderun's Battlesphere
 20004 | Lair:5   | Noticed a four-headed hydra
 20409 | Lair:5   | Killed a four-headed hydra
 20409 | Lair:5   | Reached XP level 13. HP: 60/76 MP: 11/25
 20497 | Lair:5   | Found a staircase to the Slime Pits.
 20705 | Lair:5   | Noticed Snorg
 20735 | Lair:4   | Reached skill level 5 in Maces & Flails
 20770 | Lair:4   | Reached skill level 9 in Fire Magic
 21558 | Lair:5   | Killed Snorg
 21732 | Lair:6   | Entered Level 6 of the Lair of Beasts
 22806 | Lair:6   | Reached ***** piety under Vehumet
 22809 | Lair:6   | Offered knowledge of Conjure Ball Lightning by Vehumet.
 23388 | Lair:6   | Reached skill level 10 in Fire Magic
 23396 | Lair:6   | Gained mutation: Your large and strong wings let you fly
                  | indefinitely. [Gargoyle growth]
 23396 | Lair:6   | Reached XP level 14. HP: 53/84 MP: 19/27
 23843 | D:9      | Learned a level 6 spell: Conjure Ball Lightning
 24444 | D:10     | Found a portal to a secret trove of treasure.
 24980 | D:11     | Noticed Harold
 25141 | D:11     | Killed Harold
 25381 | D:10     | Reached skill level 1 in Shields
 25724 | D:11     | Found a staircase to the Orcish Mines.
 25824 | D:11     | Noticed Fannar
 25830 | D:11     | Killed Fannar
 26285 | Orc:1    | Entered Level 1 of the Orcish Mines
 26501 | Orc:1    | Offered knowledge of Lightning Bolt by Vehumet.
 26832 | Orc:1    | Found a flagged portal.
 26841 | Bailey   | Entered a bailey
 27103 | Bailey   | Got a shimmering golden ring
 27105 | Bailey   | Identified the ring "Unuopal" {rN+++ rCorr} (You found it
                  | in a bailey)
 27409 | D:11     | Learned a level 5 spell: Lightning Bolt
 28014 | Orc:2    | Entered Level 2 of the Orcish Mines
 28401 | Orc:2    | Noticed Nessos
 28411 | Orc:2    | Killed Nessos
 29051 | Orc:2    | Found a roughly hewn altar of Beogh.
 29156 | Orc:2    | Found a staircase to the Elven Halls.
 29310 | Orc:2    | Noticed Donald
 29320 | Orc:2    | Killed Donald
 29326 | Orc:2    | Offered knowledge of Fireball by Vehumet.
 29345 | Orc:1    | Learned a level 5 spell: Fireball
 29800 | Orc:2    | Reached XP level 15. HP: 85/90 MP: 14/28
 29901 | Orc:2    | Reached skill level 11 in Fire Magic
 30047 | Orc:2    | Noticed Erolcha
 30056 | Orc:2    | Killed Erolcha
 30274 | Orc:2    | Noticed Rupert
 30299 | Orc:2    | Paralysed by Rupert for 5 turns
 30411 | Orc:2    | Killed Rupert
 30547 | Orc:2    | Found a roughly hewn altar of Beogh.
 30646 | Orc:2    | Found Siacuod's Magic Scroll Shop.
 30703 | Orc:2    | Reached skill level 10 in Spellcasting
 30775 | Orc:2    | Found a roughly hewn altar of Beogh.
 30838 | Orc:2    | Found Qanuxoh's Magic Scroll Boutique.
 30919 | Orc:2    | Noticed an orc warlord
 30943 | Orc:2    | Killed an orc warlord
 31153 | Orc:2    | Found a roughly hewn altar of Beogh.
 31153 | Orc:2    | Found Fiejiunlioc's Antique Armour Shoppe.
 31214 | Orc:2    | Found Pebbaem's Antique Weapon Emporium.
 31667 | Orc:1    | Found a burning altar of Makhleb.
 31723 | Elf:1    | Entered Level 1 of the Elven Halls
 31729 | Elf:1    | Gained mutation: You are occasionally teleported next to
                  | monsters. [a neqoxec]
 32009 | Elf:1    | Found a radiant altar of Vehumet.
 32316 | Elf:1    | Offered knowledge of Bolt of Magma by Vehumet.
 32328 | Orc:2    | Learned a level 5 spell: Bolt of Magma
 32721 | Elf:1    | Reached skill level 10 in Air Magic
 32897 | Elf:1    | Noticed a Hell Sentinel
 32902 | Elf:1    | Killed from afar by a Hell Sentinel

Levels and vault maps discovered:
D:1:      co_arrival_square_in_a_square_in_a_square, layout_basic
D:2:      minmay_alternating_diamond, layout_rooms,
          lemuel_coloured_pillars_altar, hangedman_decor_clover_reticule,
          chequers_hall_statues_y, uniq_natasha, uniq_robin
D:3:      layout_basic, guppyfry_early_orc_mine
D:4:      layout_loops_cross, lemuel_round_altar, grunt_gozag_statues,
          gammafunk_temple_overflow_forgotten, minmay_temple_entry_stoned_glass,
          serial_shops, nicolae_shop_waterfront
D:5:      layout_layer_cave, first_ration
D:6:      layout_rooms, old_standard_altar, lemuel_crystal_altar,
          elyvilon_altar_5, basic_altar, uniq_edmund
D:7:      layout_loops_ring, old_standard_altar, lemuel_round_altar
D:8:      layout_rooms, nicolae_straight_to_the_point
D:9:      layout_cave_pools, due_lair_maze_entry_diamond, serial_column_ruins,
          column_ruins_corridor_corner, column_ruins_corridor_straight,
          column_ruins_columns_straight, hangedman_ranch
          [blue_anna_fruit_fields], uniq_pikel, uniq_erica
D:10:     layout_long_grid, enter_trove_2
D:11:     layout_basic, orc_0_dummy, special_room [special_room_kobold],
          uniq_fannar, uniq_harold
Temple:   pf_slimified_temple
Lair:1:   minmay_guarded_unrand_snakebite, layout_cave_pods,
          infiniplex_staircase_pool_2
Lair:2:   layout_cave_pods, swamp_mist, dummy_snake_entry
Lair:3:   layout_loops_ring, basic_altar, serial_bayou_shore_a
Lair:4:   layout_cave_pods, lemuel_centaur_altar, grunt_megastairs_3,
          minmay_lair_oklob_chamber
Lair:5:   layout_cave_shapes, nicolae_slime_entry_slimehenge,
          nicolae_quartered_pool_super, uniq_snorg
Lair:6:   grunt_lair_end_beastmaster, layout_regular_city,
          infiniplex_staircase_pool, lemuel_fruit_fields
Orc:1:    layout_diamond_mine, enter_bailey_2, bloody_makhleb
Orc:2:    grunt_orc_community_town_hall, layout_diamond_mine,
          grunt_orc_community_big_house_2, grunt_orc_community_big_house_2,
          grunt_orc_community_house_2, grunt_orc_community_house_2,
          grunt_orc_community_house_1, grunt_orc_community_house_2, uniq_donald,
          uniq_erolcha, uniq_rupert, uniq_nessos
Elf:1:    eino_elf_arrival_altar, layout_rooms, serial_shops,
          nicolae_shop_stone, gammafunk_ghost_fury_of_okawaru,
          minmay_elf_sorcery, uniq_jorgrun

Skill      XL: |  1  2  3  4  5  6  7  8  9 10 11 12 13 14 15 |
---------------+----------------------------------------------+-----
Conjurations   | 2 3 4 5 6 7 8 |  8.2
Spellcasting   | 4 5 6 7 8 9 10 | 10.4
Fire Magic     | 1 2 4 5 6 7 8 10 11 | 11.3
Air Magic      | 1 2 3 4 6 7 8 9 10 | 10.0
Armour         | 1 3 4 5 |  5.0
Fighting       | 1 2 4 5 6 7 8 9 |  9.6
Dodging        | 2 3 4 5 6 7 |  7.9
Evocations     | 2 3 4 5 6 7 |  7.9
Maces & Flails | 1 3 4 6 7 |  7.0
Shields        | 3 4 |  4.0
Stealth        | |  2.1
Summonings     | |  0.8
Translocations | |  0.8

Action                   |  1- 3 |  4- 6 |  7- 9 | 10-12 | 13-15 || total
-------------------------+-------+-------+-------+-------+-------++-------
Melee: Unarmed           |    23 |       |       |       |       ||    23
       Dagger            |    44 |    87 |       |       |       ||   131
       Whip              |       |    76 |       |   194 |   859 ||  1129
       Flail             |       |       |   160 |   203 |       ||   363
Throw: Stone             |     1 |     3 |       |       |       ||     4
       Dart              |       |    17 |    14 |     3 |     3 ||    37
 Cast: Magic Dart        |    43 |   134 |   151 |    43 |    60 ||   431
       Mephitic Cloud    |       |     9 |    24 |    23 |   118 ||   174
       Conjure Flame     |       |     6 |     5 |    27 |    19 ||    57
       Blink             |       |       |     7 |    10 |     8 ||    25
       Throw Flame       |       |       |       |   161 |   200 ||   361
       Iskenderun's Batt |       |       |       |       |    37 ||    37
       Conjure Ball Ligh |       |       |       |       |    27 ||    27
       Bolt of Magma     |       |       |       |       |    15 ||    15
       Lightning Bolt    |       |       |       |       |     6 ||     6
 Abil: Fly               |       |       |       |       |     1 ||     1
Evoke: Wand              |       |       |       |     5 |     5 ||    10
       Lightning rod     |       |       |       |       |     4 ||     4
       Lamp of fire      |       |       |       |       |     1 ||     1
  Use: Scroll            |       |       |     6 |    12 |     8 ||    26
       Potion            |       |       |       |     1 |     1 ||     2
 Stab: Sleeping          |     1 |     1 |       |     1 |     1 ||     4
       Confused          |       |     2 |     2 |     6 |    26 ||    36
  Eat: Chunk             |     2 |    10 |     9 |     8 |    28 ||    57
       Ration            |       |     1 |     3 |     6 |     9 ||    19
Armor: Robe              |    29 |    24 |       |       |    38 ||    91
       Animal skin       |       |    46 |    90 |   206 |    21 ||   363
       Troll leather arm |       |       |       |       |   237 ||   237
Dodge: Dodged            |    50 |   118 |   158 |   335 |   583 ||  1244
